 Dungeon Crawl Stone Soup version 0.17.1-1-g73c8601 (webtiles) character file.

118 Junggeselle the Magician (level 5, -6/31 HPs)
             Began as an Octopode Wizard on Dec 31, 2015.
             Killed from afar by an orc wizard (7 damage)
             ... with a puff of frost
             ... on level 3 of the Dungeon.
             The game lasted 00:06:44 (3370 turns).

Junggeselle the Magician (Octopode Wizard)          Turns: 3370, Time: 00:06:44

Health: -6/31      AC:  1    Str:  6      XL:     5   Next: 2%
Magic:  3/12       EV: 12    Int: 19 (21) God:
Gold:   119        SH:  0    Dex: 11      Spells: 4 memorised, 5 levels left

rFire  . . .     SeeInvis .     (no weapon)
rCold  . . .     Clarity  .     (no shield)
rNeg   . . .     SustAt   .     a - +0 hat
rPois  +         Gourm    .     e - amulet of faith (curse)
rElec  .         Spirit   .     (no ring)
rCorr  .         Warding  .     (no ring)
rMut   .         Stasis   .     (no ring)
MR     .....                    (no ring)
Stlth  +++.......               (no ring)
                                (no ring)
                                (no ring)
                                (no ring)

@: very slightly contaminated, not resistant to hostile enchantments, fairly
stealthy
A: almost no armour, amphibious, 8 rings, constrict 8, camouflage 1, poison
resistance, slow regeneration 1, wild magic 1, gelatinous body 1
a: no special abilities


You were on level 3 of the Dungeon.
You were not hungry.

You visited 1 branch of the dungeon, and saw 3 of its levels.

You collected 119 gold pieces.

Inventory:

Armour
 a - a +0 hat (worn)
Jewellery
 e - a cursed amulet of faith (around mantle)
Scrolls
 c - a scroll of magic mapping {unknown}
 g - a scroll of blinking {unknown}
 i - 2 scrolls of enchant weapon {unknown}
 j - a scroll of recharging {unknown}
 m - 2 scrolls of immolation {unknown}
 n - a scroll of remove curse {unknown}
 p - a scroll of teleportation {unknown}
Potions
 h - a potion of agility
Books
 b - a book of Minor Magic

   Spells                             Type                      Level
   a - Magic Dart                     Conjuration                  1
   b - Blink                          Translocation                2
   c - Call Imp                       Summoning                    2
   d - Repel Missiles                 Charms/Air                   2
   e - Slow                           Hexes                        2
   f - Conjure Flame                  Conjuration/Fire             3
   g - Mephitic Cloud                 Conjuration/Poison/Air       3
Comestibles
 d - 4 chunks of flesh
 f - a meat ration
 k - 2 beef jerkies
 o - a bread ration


   Skills:
 - Level 2.0 Dodging
 - Level 2.6 Stealth
 * Level 5.2 Spellcasting
 - Level 1.0 Conjurations
   Level 1.0 Summonings
 - Level 1.0 Translocations


You had 5 spell levels left.
You knew the following spells:

 Your Spells              Type           Power        Failure   Level  Hunger
a - Magic Dart            Conj           ##..         19%         1    None
b - Blink                 Tloc           N/A          26%         2    #......
c - Mephitic Cloud        Conj/Pois/Air  #.......     50%         3    ##.....
d - Conjure Flame         Conj/Fire      ##......     50%         3    ##.....


Dungeon Overview and Level Annotations

Branches:
Dungeon (3/15)

Altars:
Fedhas
Ru
Trog
Xom
Yredelemnul


Innate Abilities, Weirdness & Mutations

You cannot wear most types of armour.
You are amphibious.
You can wear up to eight rings at the same time.
You can use your tentacles to constrict eight enemies at once.
Your skin changes colour to match your surroundings (Stealth).
Your rubbery body absorbs attacks (AC +1).
Your system is resistant to poisons.
You regenerate slowly when monsters are visible.
Your spells are a little harder to cast, but a little more powerful.


Message History

Aiming: Mephitic Cloud
Press: ? - help, Shift-Dir - straight line, f/p - orc wizard
Aim: an orc wizard, wielding a dagger and wearing a robe (moderately wounded)
You miscast Mephitic Cloud.
You are blasted with air!
The orc wizard hits you with a dagger.
* * * LOW HITPOINT WARNING * * *
Casting: Mephitic Cloud
Confirm with . or Enter, or press ? or * to list all spells.
Aiming: Mephitic Cloud
Press: ? - help, Shift-Dir - straight line, f/p - orc wizard
Aim: an orc wizard, wielding a dagger and wearing a robe (moderately wounded)
You miscast Mephitic Cloud.
You feel weak for a moment. The orc wizard barely misses you.
Drink which item? (? for menu, Esc to quit)
It was a potion of degeneration.
There was something very wrong with that liquid.
You feel dopey.
The orc wizard gestures at you while chanting.
The puff of frost hits you!
You die...

..# #.# #.# #.# #.#
#.# o #.#
#.######.# #.#
#......#o##
#.###.#..o....
#.#....o.#.#.#
##o#.#.####.#.#
#####
#@#..#.###....###
##...##
#.###..#.........##
#.....###.##
#.###.#....#...
###..........##.##
##.#.#.....
#.......##.##.#.
#.##.#.###.
#........#.# .# #.#
#...# #.
####..#####.#.# #
#.. ##..###.
#.....# #.#.## ##
#...... ......#
#....# #.##.##


You could see an orc wizard.

Vanquished Creatures
  4 adders
  2 oozes
  4 worms
  5 giant geckos
  4 orcs (D:3)
  4 bats
  7 goblins
  5 hobgoblins
  5 kobolds
  3 ball pythons
  4 giant newts
  3 jackals (D:2)
  A quokka (D:3)
  10 rats
61 creatures vanquished.

Notes
Turn   | Place    | Note
--------------------------------------------------------------
     0 | D:1      | Junggeselle the Octopode Wizard began the quest for the Orb.
     0 | D:1      | Reached XP level 1. HP: 11/11 MP: 4/4
   472 | D:1      | Reached XP level 2. HP: 13/17 MP: 0/6
  1706 | D:2      | Reached XP level 3. HP: 21/21 MP: 6/8
  1710 | D:2      | Learned a level 2 spell: Blink
  1714 | D:2      | Learned a level 3 spell: Mephitic Cloud
  1718 | D:2      | Learned a level 3 spell: Conjure Flame
  1743 | D:2      | Reached skill level 4 in Spellcasting
  1939 | D:2      | Found a blossoming altar of Fedhas.
  1959 | D:2      | Found a sacrificial altar of Ru.
  2066 | D:2      | Gained mutation: You regenerate slowly when monsters are visible. [potion of mutation]
  2066 | D:2      | Gained mutation: Your system is resistant to poisons. [potion of mutation]
  2066 | D:2      | Gained mutation: Your spells are a little harder to cast, but a little more powerful. [potion of mutation]
  2293 | D:2      | Reached XP level 4. HP: 7/27 MP: 0/10
  2542 | D:2      | Found a shimmering altar of Xom.
  2542 | D:2      | Found a basalt altar of Yredelemnul.
  2543 | D:2      | Found a bloodstained altar of Trog.
  3234 | D:3      | Reached skill level 5 in Spellcasting
  3261 | D:3      | Reached XP level 5. HP: 20/31 MP: 6/12
  3368 | D:3      | HP: 1/31 [orc wizard/dagger (3)]
  3370 | D:3      | Killed from afar by an orc wizard

Action                   |  1- 3 |  4- 6 || total
-------------------------+-------+-------++-------
Melee: Unarmed           |    65 |    59 ||   124
 Cast: Magic Dart        |    69 |    34 ||   103
       Mephitic Cloud    |       |     2 ||     2
  Use: Potion            |     3 |     1 ||     4
 Stab: Confused          |       |     2 ||     2
  Eat: Bread ration      |     1 |       ||     1
       Chunk             |       |     3 ||     3
